 Dungeon Crawl Stone Soup version 0.20.0-15-g7f486f2 (webtiles) character file.

33003 vishdafish the Basher (level 13, -4/84 HPs)
             Began as a Gargoyle Fighter on July 1, 2017.
             Was a Follower of Ru.
             Slain by a fire elemental (10 damage)
             ... summoned by a deep elf mage
             ... on level 14 of the Dungeon.
             The game lasted 00:32:27 (15595 turns).

vishdafish the Basher (Gargoyle Fighter)           Turns: 15595, Time: 00:32:28

Health: -4/84      AC: 30    Str: 26    XL:     13   Next: 68%
Magic:  4/4        EV:  7    Int: 10    God:    Ru [*.....]
Gold:   775        SH: 17    Dex: 10    Spells: 12/12 levels left

rFire    . . .     SeeInvis +   r - +1 eveningstar of Causality {antimagic, *Slow Str+3 SInv}
rCold    + . .     Gourm    .   c - +0 shield
rNeg     + . .     Faith    .   R - -1 plate armour
rPois    ∞         Spirit   .   n - +2 hat {MR+}
rElec    +         Reflect  +   s - +2 cloak
rCorr    .         Harm     .   x - +0 pair of gloves
MR       +....                  (no boots)
Stlth    ..........             p - +4 amulet of reflection
Regen    0.3/turn               U - ring of flight
MPRegen  0.1/turn               I - ring of protection from cold

@: no scrolls
A: negative energy resistance 1, electricity resistance, unbreathing,
petrification resistance, rot immunity, inability to read while threatened, AC
+9
a: Renounce Religion, Evoke Flight


You were on level 14 of the Dungeon.
You worshipped Ru.
Ru was aware of your devotion.
You were not hungry.

You visited 1 branch of the dungeon, and saw 14 of its levels.
You also visited: Sewer.

You collected 775 gold pieces.

Inventory:

Hand Weapons
 a - a +3 morningstar
 r - the +1 eveningstar of Causality (weapon) {antimagic, *Slow Str+3 SInv}
   (You acquired it on level 13 of the Dungeon)

   It reduces the magical energy of the wielder, and disrupts the spells and
   magical abilities of those hit.
   Natural abilities and divine invocations are not affected.
   It affects your strength (+3).
   It lets you see invisible.
   It may slow you when you take damage.
Armour
 c - a +0 shield (worn)
 n - a +2 hat of magic resistance (worn)
 s - a +2 cloak (worn)
 x - a +0 pair of gloves (worn)
 R - a -1 plate armour (worn)
Jewellery
 p - a +4 amulet of reflection (around neck)
 q - an uncursed ring of resist corrosion
 I - a ring of protection from cold (right hand)
 N - an uncursed ring of ice
 P - an uncursed ring of stealth
 U - a ring of flight (left hand)
 X - the ring of Wedahor {rF+ Int+3 Dex-3 Stlth+}
   (You found it on level 9 of the Dungeon)

   [ring of intelligence]

   It affects your intelligence (+3).
   It affects your dexterity (-3).
   It protects you from fire.
   It makes you more stealthy.
Wands
 b - a wand of flame (23/48)
 E - a wand of digging (9/24)
 H - a wand of flame (39/48)
 Q - a wand of lightning (7/15)
 Y - a wand of flame (22/48)
Scrolls
 e - 5 scrolls of teleportation
 t - 2 scrolls of recharging
 v - 2 scrolls of amnesia
 w - 4 scrolls of magic mapping
 z - 4 scrolls of immolation
 D - 4 scrolls of enchant weapon
 F - a scroll of blinking
 J - a scroll of vulnerability {unknown}
 K - 4 scrolls of fog {unknown}
 O - a scroll of fear {unknown}
 S - a scroll of torment {unknown}
Potions
 d - a potion of might
 g - 3 potions of curing {unknown}
 h - 4 potions of brilliance {unknown}
 i - a potion of berserk rage {unknown}
 j - 5 potions of lignification {unknown}
 m - 2 potions of ambrosia {unknown}
 o - 3 potions of invisibility {unknown}
 A - a potion of haste {unknown}
 C - 2 potions of agility
 L - 7 potions of flight {unknown}
Books
 f - a book of Flames

   Spells                             Type                      Level
   a - Flame Tongue                   Conjuration/Fire             1
   b - Throw Flame                    Conjuration/Fire             2
   c - Conjure Flame                  Conjuration/Fire             3
   d - Inner Flame                    Hexes/Fire                   3
   e - Sticky Flame                   Conjuration/Fire             4
   f - Fireball                       Conjuration/Fire             5
 l - a book of Frost

   Spells                             Type                      Level
   a - Freeze                         Ice                          1
   b - Throw Frost                    Conjuration/Ice              2
   c - Ozocubu's Armour               Charms/Ice                   3
   d - Throw Icicle                   Conjuration/Ice              4
   e - Summon Ice Beast               Ice/Summoning                4
 y - a book of Minor Magic

   Spells                             Type                      Level
   a - Magic Dart                     Conjuration                  1
   b - Blink                          Translocation                2
   c - Call Imp                       Summoning                    2
   d - Slow                           Hexes                        2
   e - Conjure Flame                  Conjuration/Fire             3
   f - Mephitic Cloud                 Conjuration/Poison/Air       3
 V - the Tome of the Shifting Snowflakes
   (You found it on level 9 of the Dungeon)

   Spells                             Type                      Level
   a - Passwall                       Transmutation/Earth          2
   b - Throw Icicle                   Conjuration/Ice              4
   c - Metabolic Englaciation         Hexes/Ice                    5
   d - Simulacrum                     Ice/Necromancy               6
 Z - a book of Beasts

   Spells                             Type                      Level
   a - Summon Butterflies             Summoning                    1
   b - Call Canine Familiar           Summoning                    3
   c - Summon Ice Beast               Ice/Summoning                4
   d - Summon Mana Viper              Hexes/Summoning              5
   e - Summon Hydra                   Summoning                    7
Miscellaneous
 W - a lamp of fire (inert)
Comestibles
 k - 14 fruits
 u - 5 meat rations
 B - 6 royal jellies
 M - 2 bread rations


   Skills:
 + Level 11.4 Fighting
 * Level 14.3 Maces & Flails
 + Level 11.6 Armour
 - Level 1.0 Dodging
 + Level 11.8 Shields


You had 12 spell levels left.
You didn't know any spells.

Dungeon Overview and Level Annotations

Branches:
Dungeon (14/15)            Temple (0/1) D:6            Lair (0/6) D:10
    Orc (0/2) D:11
 Vaults: D:13-14

Altars:
Nemelex Xobeh
Okawaru
Qazlal
Ru
Yredelemnul
Zin
The Shining One
Beogh

Shops:
D:4 }   D:12 ?[*


Innate Abilities, Weirdness & Mutations

You are resistant to torment.
Your stone body is resilient. (AC +9)
You are immune to poison.
You resist negative energy. (rN+)
You are resistant to electric shocks. (rElec)
You can survive without breathing.
You are immune to petrification.
You are immune to rotting.
You cannot read scrolls while threatened.


Message History

Evoke which item? (* to show all) (? for menu, Esc to quit)
Okay, then.
You barely miss the deep elf mage.
The deep elf mage is heavily wounded.
The fire elemental hits you. The fire elemental burns you!
* * * LOW HITPOINT WARNING * * *
You block the fire elemental's attack.
The deep elf mage is engulfed in blazing flames.
You block the deep elf mage's attack.
You closely miss the deep elf mage.
The deep elf mage is heavily wounded.
You block the manticore's attack.
The manticore claws you but does no damage. x2
The fire elemental hits you. You block the fire elemental's attack.
The deep elf mage hits you but does no damage.
You bludgeon the deep elf mage!!
The deep elf mage's magic leaks into the air.
The deep elf mage is almost dead.
The fire elemental hits you. The fire elemental burns you!
You die...

##############
########(............
##(#(#.#.#############
#.#.#.#.## #.#.#(#.#
#.#H#a## #E@E#.#
#.#e#.## #.#%..#.#
#=#.#.#.## ##%#...#.
.# #.# ##############
## %.. #............
#.# #############


You could see a manticore, a deep elf mage, 2 fire elementals and a worker ant.

Vanquished Creatures
  Gastronok (D:8)
  Erolcha (D:9)
  The ghost of murphy the Cleaver, a journeyman DDFi of Makhleb (D:13)
  An ogre mage (D:14)
  A hydra (D:12)
  A vault guard (D:14)
  A great orb of eyes (D:14)
  2 centaur warriors
  Erica (D:9)
  4 two-headed ogres
  Sonja (D:11)
  A swamp dragon (shapeshifter) (D:13)
  2 unseen horrors
  A cyclops (shapeshifter) (D:9)
  2 ugly things
  3 cyclopes
  A manticore (D:14)
  An elephant (D:10)
  Psyche (D:8)
  A gargoyle (D:9)
  A spiny frog (shapeshifter) (D:13)
  A kobold demonologist (D:11)
  2 komodo dragons
  A troll (D:12)
  5 slime creatures
  Prince Ribbit (D:9)
  3 hippogriffs
  A shadow (D:11)
  2 wraiths
  20 yaks
  A basilisk (D:10)
  4 hungry ghosts
  Grum (D:10)
  Duvessa (D:7)
  A soldier ant (D:10)
  2 ice beasts
  4 sky beasts
  A necrophage (D:8)
  3 orc warriors
  A phantom (D:8)
  An eye of draining (D:8)
  4 ogres
  2 wolves (D:10)
  7 centaurs
  2 crocodiles
  3 big kobolds
  12 bullfrogs
  2 gnoll sergeants
  Dowan (D:7)
  A wyvern skeleton (D:14)
  4 scorpions
  3 killer bees (D:10)
  30 wights
  3 howler monkeys
  13 crimson imps
  3 bullfrog zombies
  2 centaur zombies
  9 hounds
  2 bullfrog skeletons
  2 jellies
  11 orc wizards
  8 orc priests
  2 centaur skeletons
  Crazy Yiuf (D:2)
  2 iguanas
  13 worker ants
  2 human simulacra (D:12)
  A hound skeleton (D:6)
  Robin (D:2)
  2 worker ant zombies
  16 gnolls
  14 adders
  2 river rats (D:5)
  4 shadow imps
  An ooze (D:1)
  2 adder zombies
  An adder skeleton (D:5)
  6 worms
  4 dart slugs
  7 leopard geckos
  59 orcs
  A ball python (D:1)
  6 giant cockroaches
  15 goblins
  10 hobgoblins
  12 jackals
  17 kobolds
  6 quokkas
  A ball python zombie (D:6)
  13 bats
  8 frilled lizards
  A leopard gecko skeleton (D:7)
  11 rats
450 creatures vanquished.

Vanquished Creatures (others)
  2 centaur warriors (D:13)
  A cyclops (D:13)
  Joseph (D:8)
  2 yaks (D:12)
  A hound (D:13)
  A bullfrog skeleton (D:12)
8 creatures vanquished.

Grand Total: 458 creatures vanquished

Notes
Turn   | Place    | Note
-------+----------+-------------------------------------------
     0 | D:1      | vishdafish the Gargoyle Fighter began the quest for the Orb.
     0 | D:1      | Reached XP level 1. HP: 14/14 MP: 1/1
    82 | D:1      | Reached XP level 2. HP: 18/19 MP: 2/2
   284 | D:1      | Reached XP level 3. HP: 23/23 MP: 3/3
   762 | D:2      | Reached XP level 4. HP: 25/29 MP: 4/4
   997 | D:2      | Noticed Robin
  1006 | D:2      | Killed Robin
  1194 | D:2      | Found a runed door.
  1321 | D:2      | Noticed Crazy Yiuf
  1328 | D:2      | Paralysed by Crazy Yiuf for 4 turns
  1342 | D:2      | Killed Crazy Yiuf
  1342 | D:2      | Reached skill level 3 in Maces & Flails
  1342 | D:2      | Reached skill level 1 in Dodging
  1342 | D:2      | Reached XP level 5. HP: 19/33 MP: 5/5
  1821 | D:3      | Reached XP level 6. HP: 21/38 MP: 6/6
  2157 | D:3      | Reached skill level 4 in Maces & Flails
  2424 | D:3      | Found a sacrificial altar of Ru.
  2444 | D:3      | Found a sparkling altar of Nemelex Xobeh.
  2453 | D:3      | Found a stormy altar of Qazlal.
  2484 | D:3      | Became a worshipper of Ru the Awakened
  2556 | D:3      | Found a basalt altar of Yredelemnul.
  2672 | D:3      | Found an iron altar of Okawaru.
  2985 | D:4      | Reached XP level 7. HP: 31/44 MP: 7/7
  3337 | D:4      | Reached skill level 5 in Shields
  3495 | D:4      | Reached skill level 5 in Fighting
  3711 | D:4      | Found Naseus's Gadget Shop.
  3740 | D:4      | Found a glowing golden altar of the Shining One.
  3796 | D:5      | Entered Level 5 of the Dungeon
  3838 | D:5      | Reached skill level 5 in Maces & Flails
  3854 | D:5      | Reached skill level 5 in Armour
  4231 | D:5      | Found a glowing drain.
  4240 | Sewer    | Entered a sewer
  4353 | Sewer    | Reached XP level 8. HP: 49/49 MP: 8/8
  4812 | D:5      | Found a stormy altar of Qazlal.
  5020 | D:6      | Reached skill level 6 in Maces & Flails
  5342 | D:6      | Found a staircase to the Ecumenical Temple.
  5928 | D:7      | Reached skill level 7 in Maces & Flails
  5946 | D:7      | Reached XP level 9. HP: 55/55 MP: 9/9
  6413 | D:7      | Noticed Dowan
  6415 | D:7      | Noticed Duvessa
  6426 | D:7      | Killed Duvessa
  6426 | D:7      | Killed Dowan
  6436 | D:7      | Reached skill level 8 in Maces & Flails
  7076 | D:8      | Noticed Gastronok
  7092 | D:8      | Killed Gastronok
  7092 | D:8      | Reached skill level 9 in Maces & Flails
  7092 | D:8      | Reached XP level 10. HP: 56/64 MP: 10/10
  7166 | D:8      | Noticed Erica
  7213 | D:9      | Killed Erica
  7358 | D:8      | Found a glowing silver altar of Zin.
  7360 | D:8      | Noticed Psyche
  7360 | D:8      | Noticed Joseph
  7367 | D:8      | Killed Joseph
  7367 | D:8      | Reached skill level 10 in Maces & Flails
  7369 | D:8      | Killed Psyche
  7985 | D:9      | Noticed a gargoyle
  7987 | D:9      | Noticed a deep elf mage
  7990 | D:9      | Noticed a cyclops
  8229 | D:9      | Reached XP level 11. HP: 69/69 MP: 11/11
  8672 | D:9      | Noticed Erolcha
  8676 | D:9      | Noticed Prince Ribbit
  8690 | D:9      | Paralysed by Erolcha for 4 turns
  8970 | D:9      | Identified the Tome of the Shifting Snowflakes
  8999 | D:9      | Got a steaming silver ring
  9037 | D:9      | Killed Erolcha
  9037 | D:9      | Reached skill level 11 in Maces & Flails
  9043 | D:9      | Identified the ring of Wedahor {rF+ Int+3 Dex-3 Stlth+} (You found it on level 9 of the Dungeon)
  9092 | D:9      | Noticed a cyclops
  9105 | D:9      | Killed a cyclops
  9200 | D:9      | Killed a cyclops
  9750 | D:9      | Killed Prince Ribbit
  9776 | D:10     | Entered Level 10 of the Dungeon
  9862 | D:10     | Found a staircase to the Lair.
 10031 | D:10     | Noticed Grum
 10052 | D:10     | Killed Grum
 10183 | D:10     | Killed an unseen horror
 10621 | D:10     | Reached skill level 10 in Shields
 11096 | D:11     | Reached skill level 12 in Maces & Flails
 11114 | D:11     | Reached XP level 12. HP: 72/77 MP: 12/12
 11125 | D:11     | Noticed Sonja
 11153 | D:11     | Killed Sonja
 11464 | D:11     | Noticed a two-headed ogre
 11480 | D:11     | Killed a two-headed ogre
 11543 | D:11     | Reached skill level 10 in Fighting
 11730 | D:11     | Found a staircase to the Orcish Mines.
 11763 | D:11     | Reached skill level 10 in Armour
 11768 | D:11     | Found a roughly hewn altar of Beogh.
 12244 | D:12     | Found Nintocyr's Armour Shop.
 12767 | D:12     | Found Oleytet's General Store.
 12906 | D:12     | Noticed a six-headed hydra
 12919 | D:12     | Killed a six-headed hydra
 13132 | D:12     | Noticed a two-headed ogre
 13134 | D:12     | Noticed a two-headed ogre
 13140 | D:12     | Killed a two-headed ogre
 13140 | D:12     | Reached skill level 13 in Maces & Flails
 13155 | D:12     | Killed a two-headed ogre
 13484 | D:13     | Noticed a centaur warrior
 13488 | D:13     | Killed a centaur warrior
 13489 | D:13     | Noticed a centaur warrior
 13501 | D:13     | Killed a centaur warrior
 13501 | D:13     | Reached XP level 13. HP: 30/84 MP: 13/13
 14193 | D:13     | Noticed murphy's ghost (journeyman DDFi)
 14215 | D:13     | Killed murphy's ghost
 14469 | D:13     | Gained mutation: You cannot read scrolls while threatened. [Ru sacrifice]
 14469 | D:13     | Reached * piety under Ru
 14514 | D:13     | Reached skill level 14 in Maces & Flails
 15236 | D:12     | Found Jiucoas's Magic Scroll Shoppe.
 15252 | D:12     | Identified a scroll of acquirement
 15353 | D:13     | Got a jewelled eveningstar
 15354 | D:13     | Identified the +1 eveningstar of Causality {antimagic, *Slow Str+3 SInv} (You acquired it on level 13 of the Dungeon)
 15523 | D:14     | Noticed an ogre mage
 15527 | D:14     | Noticed a vault guard
 15531 | D:14     | Killed an ogre mage
 15532 | D:14     | Noticed a great orb of eyes
 15538 | D:14     | Paralysed by a great orb of eyes for 6 turns
 15548 | D:14     | Killed a great orb of eyes
 15580 | D:14     | Killed a vault guard
 15584 | D:14     | HP: 1/84 [manticore (6)]
 15595 | D:14     | Slain by a fire elemental

Skill      XL: |  1  2  3  4  5  6  7  8  9 10 11 12 13 |
---------------+----------------------------------------+-----
Shields        | 4 5 6 8 10 11 | 11.8
Armour         | 4 5 6 7 8 9 10 11 | 11.6
Maces & Flails | 3 4 5 7 9 10 12 13 14 | 14.3
Dodging        | 1 |  1.0
Fighting       | 4 5 6 7 8 9 10 11 | 11.4

Action                   |  1- 3 |  4- 6 |  7- 9 | 10-12 | 13-15 || total
-------------------------+-------+-------+-------+-------+-------++-------
Melee: Flail             |   144 |   306 |   638 |  1088 |       ||  2176
       Morningstar       |       |       |       |   140 |   196 ||   336
       Eveningstar       |       |       |       |       |    60 ||    60
Invok: Reject Sacrifices |       |       |     1 |     1 |       ||     2
       Sacrifice Words   |       |       |       |       |     1 ||     1
Evoke: Wand              |       |       |       |     4 |     1 ||     5
       Lamp of fire      |       |       |       |     1 |       ||     1
  Use: Scroll            |       |       |     7 |     8 |     2 ||    17
       Potion            |       |       |     1 |     1 |     4 ||     6
 Stab: Distracted        |       |       |       |       |     1 ||     1
  Eat: Chunk             |       |     3 |     7 |    11 |     4 ||    25
       Meat ration       |       |     1 |     2 |     5 |     1 ||     9
Armor: Scale mail        |    96 |   165 |   242 |       |       ||   503
       Plate armour      |       |       |    25 |   650 |   167 ||   842
Dodge: Dodged            |    69 |    90 |   142 |   184 |    68 ||   553
Block: Shield            |    87 |   246 |   457 |   883 |   251 ||  1924
       Reflection        |       |     5 |     5 |    39 |    12 ||    61
